Map: Chantier naval orbital

Players

Snake - Winner!

  • Race: Protoss Protoss
  • League: Silver

MagikInside

  • Race: Terran Terran
  • League: Platinum

VOD

Have the link to the VOD?

Description

Time

  • Played on: Aug. 17, 2015, 6:09 a.m.
  • Length: 13:03
Show
View Real Time Build Order
Export as new Build Order

Snake Protoss - Winner!

Build Orders: 1 Gate Expand 

Get SALT Encoding   

  12  0:13  Probe, Pylon  
  13  0:26  Probe (Chrono Boost)  
  14  0:32  Gateway  
  14  0:38  Probe (Chrono Boost)  
  15  0:46  Probe (Chrono Boost)  
  15  0:48  Assimilator  
  16  0:55  Probe  
  17  1:07  Probe  
  18  1:19  Probe  
  18  1:23  Nexus  
  19  1:33  Cybernetics Core  
  19  1:38  Probe  
  20  1:47  Pylon  
  20  1:50  Probe (Chrono Boost)  
  20  1:53  Assimilator  
  21  2:02  Probe (Chrono Boost)  
  22  2:11  Probe (Chrono Boost)  
  22  2:12  Gateway  
  23  2:19  Mothership Core (Chrono Boost)  
  23  2:21  Warp Gate (Chrono Boost)  
  25  2:29  Adept  
  27  2:40  Gateway  
  27  2:51  Probe x2  
  29  3:03  Probe  
  30  3:19  Robotics Facility  
  30  3:20  Probe x2  
  30  3:23  Gateway  
  32  3:31  Gateway  
  32  3:33  Probe (Chrono Boost)  
  33  3:34  Probe (Chrono Boost)  
  34  3:42  Pylon  
  34  3:55  Probe x2  
  36  4:07  Warp Prism (Chrono Boost)  
  38  4:15  Probe x2  
  40  4:18  Assimilator  
  40  4:22  Assimilator  
  40  4:24  Adept x4  
  48  4:32  Pylon  
  48  4:34  Pylon  
  48  4:36  Observer  
  49  4:48  Probe x2  
  51  4:57  Observer  
  52  5:19  Immortal  
  56  5:29  Adept x4  
  56  5:30  Adept  
  58  5:45  Twilight Council  
  48  5:56  Adept  
  48  5:58  Sentry, Immortal (Chrono Boost)  
  48  6:00  Sentry  
  48  6:02  Nexus  
  56  6:04  Assimilator  
  56  6:08  Probe x2, Assimilator  
  58  6:11  Sentry  
  58  6:12  Sentry, Pylon  
  58  6:15  Pylon  
  62  6:20  Probe  
  62  6:23  Templar Archives  
  62  6:24  Blink (Chrono Boost)  
  63  6:35  Adept x2  
  63  6:39  Adept  
  69  6:47  Pylon  
  69  7:04  Adept x3  
  69  7:05  Adept x2  
  79  7:14  Psionic Storm  
  73  7:25  High Templar  
  73  7:29  High Templar  
  77  7:31  Zealot x3  
  77  7:35  Probe x2 (Chrono Boost)  
  86  7:37  Probe (Chrono Boost)  
  86  7:47  Probe x2 (Chrono Boost)  
  89  7:52  Probe (Chrono Boost)  
  89  7:54  Probe (Chrono Boost)  
  89  7:55  Probe (Chrono Boost)  
  91  7:58  Gateway  
  91  8:00  Gateway  
  91  8:02  Gateway  
  91  8:05  Pylon  
  91  8:07  Probe x2 (Chrono Boost)  
  91  8:11  Probe (Chrono Boost)  
  85  8:40  Stalker x3  
  91  8:42  Probe x3  
  94  8:54  Probe x2  
  92  8:56  Stalker x2  
  93  9:21  Warp Prism (Chrono Boost)  
  95  9:25  High Templar  
  97  9:31  Pylon  
  97  9:33  Pylon  
  97  9:35  Pylon  
  97  9:37  Probe (Chrono Boost), Pylon  
  98  9:50  Probe (Chrono Boost)  
  98  9:51  Probe x2 (Chrono Boost)  
  101  9:53  High Templar x5  
  101  9:57  Archon x2  
  101  9:58  Warp Prism (Chrono Boost)  
  113  10:02  Probe x2  
  113  10:03  Probe  
  116  10:14  Probe, Forge  
  117  10:15  Probe  
  118  10:31  High Templar x2  
  118  10:32  Stalker x3  
  118  10:33  Stalker  
  118  10:35  Archon  
  96  11:25  Stalker  
  96  11:26  Stalker x2  
  96  11:27  Stalker x2  
  76  11:35  Stalker  
  76  11:36  Stalker x5  
  76  11:37  Stalker x2  
  86  11:44  Archon  
  82  12:03  Stalker  
  82  12:04  Stalker x7  
  80  12:34  Stalker x3  
  80  12:35  Stalker x5  
Show
View Real Time Build Order
Export as new Build Order

MagikInside Terran 

Build Orders: Command Center First (CC), MMM Bio 

Get SALT Encoding   

  12  0:01  SCV  
  13  0:13  SCV  
  14  0:18  Supply Depot  
  14  0:25  SCV  
  15  0:39  SCV  
  16  0:52  SCV  
  17  0:59  Command Center  
  17  1:04  SCV  
  18  1:13  Barracks  
  18  1:16  SCV  
  19  1:21  Refinery  
  19  1:26  Refinery  
  19  1:28  SCV  
  20  1:41  SCV  
  20  1:45  Barracks  
  21  1:53  SCV  
  22  2:05  Reaper  
  22  2:08  Orbital Command  
  23  2:14  Supply Depot  
  23  2:27  Barracks  
  23  2:34  Barracks Tech Lab  
  23  2:40  Orbital Command  
  23  2:46  Marine  
  24  2:52  Barracks  
  24  2:56  Marine  
  24  2:58  SCV  
  26  3:18  SCV  
  27  3:20  Barracks Reactor  
  27  3:22  Barracks Tech Lab  
  27  3:25  Bunker  
  27  3:30  SCV  
  27  3:31  SCV  
  29  3:41  Factory  
  29  3:44  Stimpack  
  29  3:45  Marine x2  
  31  3:49  SCV x2  
  33  4:09  Barracks Tech Lab  
  32  4:17  SCV  
  32  4:18  SCV  
  32  4:19  Engineering Bay  
  32  4:22  Marine  
  32  4:23  Marauder x2, Refinery, Marine  
  40  4:30  Marauder  
  42  4:33  Combat Shields  
  42  4:40  Marine x2  
  42  4:44  Marauder  
  46  4:52  Missile Turret  
  46  4:53  Supply Depot, Missile Turret  
  46  4:55  Starport  
  46  4:57  Missile Turret  
  46  5:01  Missile Turret  
  46  5:03  Supply Depot  
  46  5:04  Missile Turret  
  46  5:07  Marauder, Marine x4  
  52  5:19  Factory Reactor  
  52  5:21  Supply Depot  
  52  5:22  Supply Depot  
  52  5:25  Marauder  
  54  5:29  Missile Turret  
  50  5:41  SCV  
  44  5:46  Marauder x2, Marine x2  
  48  5:51  Marine  
  49  6:05  Missile Turret  
  49  6:06  Refinery  
  49  6:07  SCV x2  
  51  6:19  Command Center  
  51  6:24  Medivac  
  53  6:26  Marine  
  53  6:30  SCV  
  53  6:31  SCV  
  56  6:43  Marine  
  56  6:44  Marauder x2, Marine  
  56  6:46  SCV x2  
  64  6:49  Factory Reactor  
  64  6:57  Marine  
  64  6:58  SCV x2  
  67  7:01  Marine  
  67  7:02  Marauder  
  67  7:05  Liberator  
  57  7:24  Marauder x2, Marine x2  
  57  7:25  SCV x2  
  65  7:37  SCV x2  
  65  7:41  Marine, Marauder  
  65  7:42  Marine  
  71  7:45  Marauder  
  71  7:49  SCV x2, Barracks  
  71  7:50  Orbital Command  
  75  7:52  Barracks  
  75  7:58  Refinery  
  75  8:01  SCV  
  76  8:14  Marauder x2, Marine x2  
  76  8:18  Marauder  
  84  8:31  Marine  
  84  8:32  Marine  
  85  8:35  Marauder x2  
  85  8:40  Marauder  
  90  8:49  Marine x2  
  90  8:55  Liberator x2  
  92  8:57  Marauder x2  
  92  9:00  Marine  
  90  9:07  Marine x2  
  91  9:13  SCV x2  
  91  9:14  SCV  
  100  9:25  Marine  
  100  9:27  Marine  
  100  9:28  SCV x3, Marauder x2  
  100  9:31  Supply Depot  
  109  9:33  Supply Depot  
  109  9:36  Supply Depot  
  109  9:39  Marauder  
  109  9:40  Refinery  
  111  9:48  Widow Mine x2  
  111  9:49  Marauder  
  119  9:53  Supply Depot, Marauder  
  119  9:54  Barracks Tech Lab  
  119  9:55  Medivac x2  
  119  9:56  Supply Depot, Barracks Reactor  
  123  10:00  Marine  
  123  10:03  Ghost Academy  
  123  10:04  SCV x2  
  123  10:05  SCV  
  127  10:12  Marine  
  127  10:13  Marine, Marauder x2  
  133  10:16  SCV x2  
  133  10:18  SCV  
  133  10:20  Widow Mine x2  
  140  10:25  Medivac x2  
  140  10:28  SCV  
  145  10:30  Marauder, Marine x2  
  145  10:35  Ghost  
  151  10:36  Ghost  
  151  10:37  Marine x2  
  151  10:40  SCV x2  
  153  10:45  Marine  
  153  10:49  Marauder  
  156  10:57  Armory  
  156  11:00  Marine  
  157  11:08  Marauder  
  157  11:10  Marauder  
  157  11:11  Marine  
  157  11:12  Marauder  
  157  11:13  Marauder  
  141  11:24  Marine  
  125  11:29  Marauder  
  125  11:30  Marine x2  
  125  11:31  Marauder  
  100  11:33  Marauder  
  100  11:34  Marauder  
  100  11:35  Marine  
  92  11:42  Marine  
  91  11:48  Marine x2  
  91  11:51  Marauder  
  91  11:52  Marauder  
  91  11:53  Marine  
  92  11:55  Marauder  
  92  11:56  Marauder  
  92  11:59  Marine  
  92  12:01  SCV x2  
  99  12:05  Marine x2  
  101  12:11  Marine  
  101  12:12  Marauder  
  101  12:14  Marauder  
  105  12:15  Marine  
  105  12:17  Marine, Marauder  
  94  12:23  Marine x2  
  94  12:28  Marine  
  81  12:33  Marauder  
  81  12:34  Marauder  
  81  12:35  Marauder, Marine  
  86  12:38  Marauder  
  86  12:41  SCV, Marine x2  
  86  12:42  SCV x2  
Tags
 
Add a new tag
Caveats
  • Supply blocks, unpowered buildings, or Contaminate may cause inaccurate times.
  • Supply counts are checked every 10 seconds.